 Dungeon Crawl Stone Soup version 0.31-a0-180-g519b7de00c (webtiles) character file.

Game seed: 7257279591965887443

116 qw the Shooter (level 5, 0/49 HPs)
             Began as a Naga Hunter on June 19, 2023.
             Slain by an orc
             ... wielding a +0 hand axe
              (7 damage)
             ... on level 4 of the Dungeon.
             The game lasted 00:00:49 (2234 turns).

qw the Shooter (Naga Hunter)                        Turns: 2234, Time: 00:00:50

Health: 0/49       AC:  3    Str: 14    XL:     5   Next: 0%
Magic:  5/5        EV:  9    Int:  9    God:
Gold:   178        SH:  5    Dex: 16    Spells: 4/4 levels left

rFire   . . .        Y - +0 shortbow
rCold   . . .        (shield currently unavailable)
rNeg    . . .        c - +0 leather armour
rPois   +            (no helmet)
rElec   .            (no cloak)
rCorr   .            (no gloves)
SInv    +            (no barding)
Will    .....        h - amulet of reflection
Stlth   ++           (no ring)
HPRegen 0.28/turn    (no ring)
MPRegen 0.09/turn

%: reflection
@: very slow
A: AC +1, large, see invisible, deformed body, poison resistance, slowness 2,
spit poison 1, naga tail 1
a: Spit Poison


You were on level 4 of the Dungeon.
You visited 1 branch of the dungeon, and saw 4 of its levels.

You collected 178 gold pieces.


Innate Abilities, Weirdness & Mutations

Your serpentine skin is tough. (AC +1)
You have supernaturally acute eyesight. (SInv)
Armour fits poorly on your strangely shaped body.
Your system is resistant to poisons. (rPois)
You cover ground very slowly.
You can spit poison.
You have a snake-like lower body.


   Skills:
 - Level 3.0 Fighting
 + Level 5.1 Ranged Weapons
 - Level 1.5 Dodging
 - Level 1.5 Stealth


You had 4 spell levels left.
You didn't know any spells.
Your spell library was empty.

Inventory:

Hand Weapons
 Y - a +0 shortbow (weapon)
Armour
 c - a +0 leather armour (worn)
Jewellery
 h - an amulet of reflection (around neck)
Potions
 a - a potion of mutation {unknown}
 d - a potion of resistance {unknown}
 g - a potion of brilliance {unknown}
 i - a potion of berserk rage {unknown}
 j - a potion of curing
 k - a potion of degeneration {unknown}
 l - a potion of cancellation {unknown}

Dungeon Overview and Level Annotations

Branches:
Dungeon (4/15)
 Temple: D:4-7

Altars:
Ashenzari
Wu Jian


Message History

2227 ||| INVOKING Spit Poison.
Aiming: Spit Poison (1% risk of failure)
Press: ? - help, Shift-Dir - straight line, f/p - orc The splash of poison misses the orc.
You shoot an arrow.
The arrow hits the orc but does no damage.
The orc is moderately wounded.
The orc barely misses you.
You shoot an arrow.
The arrow hits the orc but does no damage.
The orc is moderately wounded.
The orc closely misses you.
You shoot an arrow.
The arrow hits the orc but does no damage.
The orc is moderately wounded.
You have got your breath back.
You hear a shout!
The orc barely misses you.
2231 ||| INVOKING Spit Poison.
Aiming: Spit Poison (1% risk of failure)
Press: ? - help, Shift-Dir - straight line, f/p - orc The splash of poison hits the orc but does no damage.
The orc is moderately wounded.
An orc comes into view. It is wielding a +0 club.
The orc hits you with a +0 hand axe.
You shoot an arrow. The arrow closely misses the orc.
You block the orc's attack. The orc hits you with a +0 flail! x2
The orc hits you with a +0 hand axe. x2
You shoot an arrow.
The arrow hits the orc but does no damage.
The orc is moderately wounded.
The orc barely misses you. The orc hits you with a +0 hand axe.
The orc priest calls down the wrath of Beogh upon you.
Beogh smites you! The orc hits you with a +0 flail.
You shoot an arrow.
The arrow hits the orc but does no damage.
The orc is moderately wounded.
You have got your breath back.
The orc closely misses you. The orc hits you with a +0 hand axe!
You die...

.. o .# #o
..# o #.# #.
#.## # #.#
###..##.#
#o###.......#
#oo@.....#
#.oo.....#
##..#..).#
#.$...#..##
..##.####..#
..# #.#
##<### ..#
#.# #...# #.
#.# ##.##
#.##


You could see an orc priest and 4 orcs.

Vanquished Creatures
  Terence (D:2)
  An adder (D:3)
  2 worms (D:2)
  A dart slug (D:1)
  6 orcs
  4 ball pythons
  8 bats
  6 endoplasms
  2 giant cockroaches
  4 goblins
  4 hobgoblins
  5 jackals
  4 kobolds
  A quokka (D:3)
  4 frilled lizards
  7 rats
60 creatures vanquished.

Notes
Turn   | Place    | Note
-------+----------+-------------------------------------------
     0 | D:1      | qw the Naga Hunter began the quest for the Orb.
     0 | D:1      | Reached XP level 1. HP: 19/19 MP: 1/1
     0 | D:1      | 0 ||| qw: Version: 0.3-a-7-ge0c9b40
     0 | D:1      | 0 ||| qw: Game counter: 1028
     0 | D:1      | 0 ||| qw: Always use a shield: true
     0 | D:1      | 0 ||| qw: God list: Okawaru
     0 | D:1      | 0 ||| qw: Allow faded altars: false
     0 | D:1      | 0 ||| qw: Do Orc after D:15 true
     0 | D:1      | 0 ||| qw: Do second Lair branch before Depths: true
     0 | D:1      | 0 ||| qw: Lair rune preference: random
     0 | D:1      | 0 ||| qw: Plans: Normal
     0 | D:1      | 0 ||| PLANNING D:1-11
    26 | D:1      | 26 ||| INVOKING Spit Poison.
    93 | D:1      | 93 ||| INVOKING Spit Poison.
   160 | D:1      | 160 ||| INVOKING Spit Poison.
   161 | D:1      | Reached skill level 4 in Ranged Weapons
   161 | D:1      | Reached XP level 2. HP: 26/26 MP: 2/2
   171 | D:1      | 171 ||| INVOKING Spit Poison.
   172 | D:1      | 172 ||| INVOKING Spit Poison.
   194 | D:1      | 194 ||| INVOKING Spit Poison.
   210 | D:1      | 210 ||| INVOKING Spit Poison.
   372 | D:1      | 372 ||| INVOKING Spit Poison.
   444 | D:1      | 444 ||| FLEEEEING.
   473 | D:1      | 473 ||| INVOKING Spit Poison.
   503 | D:1      | 503 ||| INVOKING Spit Poison.
   573 | D:1      | 573 ||| UPGRADING to amulet of reflection.
   578 | D:1      | 578 ||| READING scroll labelled POASHR UFEOM.
   579 | D:1      | 579 ||| READING scroll labelled GUAPNOUCAI.
   583 | D:1      | 583 ||| DROPPING scroll of butterflies.
   632 | D:2      | 632 ||| INVOKING Spit Poison.
   684 | D:2      | 684 ||| INVOKING Spit Poison.
   694 | D:2      | 694 ||| INVOKING Spit Poison.
   697 | D:2      | 697 ||| INVOKING Spit Poison.
   699 | D:2      | Reached XP level 3. HP: 32/32 MP: 3/3
   730 | D:2      | 730 ||| INVOKING Spit Poison.
   731 | D:2      | Noticed Terence
   734 | D:2      | 734 ||| INVOKING Spit Poison.
   738 | D:2      | 738 ||| INVOKING Spit Poison.
   741 | D:2      | 741 ||| INVOKING Spit Poison.
   747 | D:2      | 747 ||| INVOKING Spit Poison.
   751 | D:2      | 751 ||| INVOKING Spit Poison.
   755 | D:2      | 755 ||| INVOKING Spit Poison.
   756 | D:2      | Killed Terence
   862 | D:2      | 862 ||| INVOKING Spit Poison.
   864 | D:2      | Reached skill level 5 in Ranged Weapons
   864 | D:2      | Reached XP level 4. HP: 39/39 MP: 4/4
   869 | D:2      | 869 ||| INVOKING Spit Poison.
   902 | D:2      | Found an ornate altar of the Wu Jian Council.
   998 | D:2      | 998 ||| INVOKING Spit Poison.
  1005 | D:2      | 1005 ||| INVOKING Spit Poison.
  1084 | D:2      | 1084 ||| INVOKING Spit Poison.
  1139 | D:2      | 1139 ||| INVOKING Spit Poison.
  1175 | D:2      | 1175 ||| INVOKING Spit Poison.
  1178 | D:2      | 1178 ||| INVOKING Spit Poison.
  1310 | D:2      | 1310 ||| INVOKING Spit Poison.
  1336 | D:2      | 1336 ||| READING scroll labelled KAHISM FA QYRR.
  1337 | D:2      | 1337 ||| READING scroll labelled GOGITARPHOU.
  1338 | D:2      | 1338 ||| READING scroll labelled LUNKUS ONIST.
  1408 | D:2      | 1408 ||| DRINKING 2 sapphire potions.
  1462 | D:3      | 1462 ||| INVOKING Spit Poison.
  1474 | D:3      | 1474 ||| INVOKING Spit Poison.
  1506 | D:3      | 1506 ||| INVOKING Spit Poison.
  1512 | D:3      | 1512 ||| INVOKING Spit Poison.
  1518 | D:3      | 1518 ||| INVOKING Spit Poison.
  1580 | D:3      | 1580 ||| INVOKING Spit Poison.
  1584 | D:3      | 1584 ||| INVOKING Spit Poison.
  1591 | D:3      | Found a faded altar of an unknown god.
  1593 | D:3      | 1593 ||| INVOKING Spit Poison.
  1597 | D:3      | 1597 ||| INVOKING Spit Poison.
  1601 | D:3      | 1601 ||| INVOKING Spit Poison.
  1607 | D:3      | Reached skill level 3 in Fighting
  1678 | D:3      | 1678 ||| INVOKING Spit Poison.
  1837 | D:3      | 1837 ||| INVOKING Spit Poison.
  1841 | D:3      | 1841 ||| INVOKING Spit Poison.
  1926 | D:3      | 1926 ||| INVOKING Spit Poison.
  1936 | D:3      | Found a broken altar of Ashenzari.
  1949 | D:3      | 1949 ||| INVOKING Spit Poison.
  1954 | D:3      | 1954 ||| INVOKING Spit Poison.
  2107 | D:3      | 2107 ||| INVOKING Spit Poison.
  2134 | D:3      | 2134 ||| READING scroll labelled TONEJO BOTAUN.
  2135 | D:3      | 2135 ||| DRINKING 2 fuming green potions.
  2175 | D:3      | 2175 ||| DROPPING potion of lignification.
  2205 | D:4      | 2205 ||| INVOKING Spit Poison.
  2206 | D:4      | Reached XP level 5. HP: 49/49 MP: 5/5
  2222 | D:4      | 2222 ||| INVOKING Spit Poison.
  2224 | D:4      | 2224 ||| Stepping ~*~*~tactically~*~*~ (outnumbered).
  2227 | D:4      | 2227 ||| INVOKING Spit Poison.
  2231 | D:4      | 2231 ||| INVOKING Spit Poison.
  2233 | D:4      | HP: 8/49 [orc priest/divine providence (17)]
  2234 | D:4      | Slain by an orc

Levels and vault maps discovered:
D:1:      minmay_arrival_hallway, layout_loops_cross
D:2:      layout_loops_ring, basic_altar, uniq_terence
D:3:      layout_basic, ashenzari_altar_1, hellmonk_ecumenical_altar_dog_temple,
          small_statue_intersection
D:4:      layout_layer_cave

Skill      XL: |  1  2  3  4 |
---------------+-------------+-----
Ranged Weapons | 4 5 |  5.1
Fighting       | 3 |  3.0
Dodging        | |  1.5
Stealth        | |  1.5

Action                     |  1- 3 |  4- 6 || total
---------------------------+-------+-------++-------
   Fire: Shortbow          |    39 |    83 ||   122
Ability: Spit Poison       |    21 |    29 ||    50
    Use: Scroll            |     2 |     4 ||     6
         Potion            |       |     2 ||     2
 Armour: Leather armour    |     2 |    16 ||    18
  Dodge: Dodged            |     7 |    19 ||    26
  Block: Other             |     5 |     7 ||    12

Table legend:
 A = Non-vault XP
 B = Vault XP
 C = Vault XP percentage of total XP
 D = Non-vault monster count
 E = Vault monster count
 F = Vault count percentage of total count
                 A         B        C        D         E       F
            +---------+---------+-------+---------+---------+-------
      Total |     126 |      40 |  24.1 |      57 |       3 |   5.0
            +---------+---------+-------+---------+---------+-------
        D:1 |      25 |       0 |   0.0 |      14 |       0 |   0.0
        D:2 |      49 |      36 |  42.4 |      24 |       1 |   4.0
        D:3 |      49 |       4 |   7.5 |      18 |       2 |  10.0
        D:4 |       3 |       0 |   0.0 |       1 |       0 |   0.0
            +---------+---------+-------+---------+---------+-------
